 Dungeon Crawl Stone Soup version 0.27.1-1-g398f81649c (webtiles) character file.

Game seed: 5021269340691861845

3 Rickety the Sneak (level 1, 0/9 HPs)
             Began as a Spriggan Enchanter on Sept 20, 2021.
             Slain by a hobgoblin (4 damage)
             ... on level 1 of the Dungeon.
             The game lasted 00:00:17 (122 turns).

Rickety the Sneak (Spriggan Enchanter)               Turns: 122, Time: 00:00:17

Health: 0/9        AC:  2    Str:  4    XL:     1   Next: 41%
Magic:  4/5        EV: 17    Int: 16    God:
Gold:   0          SH:  0    Dex: 15    Spells: 4/5 levels left

rFire    . . .     SeeInvis +   a - +1 dagger
rCold    . . .     Faith    .   (shield restricted)
rNeg     . . .     Spirit   .   b - +0 robe
rPois    .         Reflect  .   (helmet restricted)
rElec    .         Harm     .   (no cloak)
rCorr    .         Rampage  .   (gloves unavailable)
Will     .....                  (boots unavailable)
Stlth    +++.......             (no amulet)
HPRegen  0.03/turn              (no ring)
MPRegen  0.09/turn              (no ring)

@: very quick
A: very small, no large weapons, unfitting armour, see invisible, speed 3
a: no special abilities


You were on level 1 of the Dungeon.
You visited 1 branch of the dungeon, and saw 1 of its levels.

Inventory:

Hand Weapons
 a - a +1 dagger (weapon)
Armour
 b - a +0 robe (worn)


   Skills:
 + Level 1.1 Short Blades
 + Level 2.7 Dodging
 * Level 4.7 Stealth
 + Level 2.7 Spellcasting
 + Level 3.6 Hexes


You had 4 spell levels left.
You knew the following spells:

 Your Spells              Type           Power      Damage    Failure   Level
a - Corona                Hex            14%        N/A       4%          1

Your spell library contained the following spells:

 Spells                   Type           Power      Damage    Failure   Level
 Confusing Touch          Hex            13%        N/A       13%         3
 Tukima's Dance           Hex            13%        N/A       13%         3
 Ensorcelled Hibernation  Hex/Ice        16%        N/A       14%         2
 Dazzling Flash           Conj/Hex       16%        N/A       26%         3


Dungeon Overview and Level Annotations

Branches:
Dungeon (1/15)

Altars:


Innate Abilities, Weirdness & Mutations

You are very small and have problems with some larger weapons.
You are too small for most types of armour.
You have supernaturally acute eyesight. (SInv)
You cover ground extremely quickly. (Speed+++)


Message History

You kill the goblin!
You see here a +0 dagger.
Found a dagger.
You see here a +0 dagger.
A rat comes into view.
The helpless rat fails to defend itself.
You impale the rat!!
You kill the rat!
You see here a rat corpse.
Found a tower shield.
You see here a +0 tower shield. 2 hobgoblins come into view.
Found a scroll labelled LOICVU JIRORGHI.
Found 6 gold pieces.
The hobgoblin shouts!
Found a moonstone ring.
You hit the hobgoblin.
The hobgoblin is moderately wounded.
A hobgoblin comes into view.
The hobgoblin completely misses you.
You closely miss the hobgoblin. The hobgoblin hits you.
The hobgoblin barely misses you.
Casting: Corona (safe; 4% risk of failure)
Confirm with . or Enter, or press ? or * to list all spells.
Aiming: Corona (safe; 4% risk of failure)
Press: ? - help, Shift-Dir - straight line, f - hobgoblin
Aim: a hobgoblin (chance to affect: 67%)
Okay, then.
Casting: Corona (safe; 4% risk of failure)
Confirm with . or Enter, or press ? or * to list all spells.
Aiming: Corona (safe; 4% risk of failure)
Press: ? - help, Shift-Dir - straight line, f - hobgoblin
Aim: a hobgoblin (chance to affect: 67%)
The hobgoblin is outlined in light.
You barely miss the hobgoblin. The hobgoblin hits you.
You hit the hobgoblin but do no damage. The hobgoblin closely misses you.
You hit the hobgoblin but do no damage. The hobgoblin misses you.
You are too injured to fight recklessly!
You hit the hobgoblin but do no damage. The hobgoblin hits you.
You die...

## ###### ######.
#...). .......
#################.####
.......
#[.gg@...........†#.#.
....g..
#.#################.#.
.....$.##.# #....#.
..?.....g.# #.##.#.
.......#### #.#..#.
....... #.####.
....... ##......
....... #.......
.....=. #.####..


You could see 2 hobgoblins.

Vanquished Creatures
  A giant cockroach (D:1)
  A goblin (D:1)
  A rat (D:1)
3 creatures vanquished.

Notes
Turn   | Place    | Note
-------+----------+-------------------------------------------
     0 | D:1      | Rickety the Spriggan Enchanter began the quest for the Orb.
     0 | D:1      | Reached XP level 1. HP: 9/9 MP: 5/5
   122 | D:1      | Slain by a hobgoblin

Illustrated notes

Levels and vault maps discovered:
D:1:      tarquinn_simple_flora_water_a, layout_basic

Action                   || total
-------------------------++-------
Melee: Dagger            ||     9
 Cast: Corona            ||     1
 Stab: Sleeping          ||     3
Dodge: Dodged            ||     4
